TOP OF THE 1ST |
Boston Rebels batting - Pitching for Orlando Calrissian : LHP Arturo Sánchez
|
Pitching: LHP Arturo Sánchez
|
|
Batting: RHB Ángel Garza
|
0-0: Bunt missed! 0-1: Ball 1-1: Foul Ball, location: 2F 1-2: Ball 2-2: Fly out, F9 (Flyball, 89M)
|
Batting: RHB Alberto Ramos
|
0-0: SINGLE (Groundball, 34D)
|
Batting: RHB John Mendelson
|
0-0: SINGLE (Line Drive, 8RS) Alberto Ramos to second
|
Batting: LHB Miguel Rivería
|
0-0: Ball 1-0: Ball 2-0: Called Strike 2-1: Swinging Strike 2-2: Ball 3-2: Strikes out swinging
|
Batting: LHB Bill Wilson
|
0-0: Called Strike 0-1: Swinging Strike 0-2: Strikes out swinging
|
Top of the 1st over - 0 run(s), 2 hit(s), 0 error(s), 2 left on base; Boston 0 - Orlando 0 |
BOTTOM OF THE 1ST |
Orlando Calrissian batting - Pitching for Boston Rebels : RHP Cris Rincón
|
Pitching: RHP Cris Rincón
|
|
Batting: RHB José Pérez
|
0-0: Ground out 4-3 (Groundball, 4)
|
Batting: LHB Santiago Márquez
|
0-0: Foul Ball, location: 2F 0-1: Ball 1-1: Foul Ball, location: 2F 1-2: Ground out U3 (Groundball, 34S)
|
Batting: RHB Rich Anderson
|
0-0: Ball 1-0: Ball 2-0: Ball 3-0: Called Strike 3-1: Foul Ball, location: 2F 3-2: Ground out 6-3 (Groundball, 6)
|
Bottom of the 1st over - 0 run(s), 0 hit(s), 0 error(s), 0 left on base; Boston 0 - Orlando 0 |
TOP OF THE 2ND |
Boston Rebels batting - Pitching for Orlando Calrissian : LHP Arturo Sánchez
|
Batting: LHB Arturo Molina
|
0-0: Ball 1-0: Called Strike 1-1: Ball 2-1: Foul Ball, location: 2F 2-2: Foul Ball, location: 2F 2-2: Strikes out swinging
|
Batting: LHB Frank Jackson
|
0-0: Called Strike 0-1: Ball 1-1: Ball 2-1: Ball 3-1: Base on Balls
|
Batting: LHB Felipe Guerrero
|
0-0: Ball 1-0: Ball 2-0: Foul Ball, location: 2F 2-1: Ball 3-1: Foul Ball, location: 2F 3-2: Base on Balls Frank Jackson to second
|
Batting: RHB Aaron Washington
|
0-0: Foul Ball, location: 2F 0-1: Called Strike 0-2: Foul Ball, location: 2F 0-2: Ball 1-2: Ball 2-2: Fly out, F8 (Flyball, 8RM)
|
Batting: RHB Ángel Garza
|
0-0: Called Strike 0-1: SINGLE (Groundball, 6MD) Frank Jackson to third Felipe Guerrero to second Runner from 3rd tries for Home, SAFE, no throw
|
Batting: RHB Alberto Ramos
|
0-0: Called Strike 0-1: Ball 1-1: Ball 2-1: Swinging Strike 2-2: Strikes out swinging
|
Top of the 2nd over - 1 run(s), 1 hit(s), 0 error(s), 2 left on base; Boston 1 - Orlando 0 |
BOTTOM OF THE 2ND |
Orlando Calrissian batting - Pitching for Boston Rebels : RHP Cris Rincón
|
Batting: RHB Raúl Canó
|
0-0: Ball 1-0: Foul Ball, location: 2F 1-1: SINGLE (Groundball, 6MD)
|
Batting: SHB Tim Abbott
|
0-0: Fly out, F2 (Popup, 15)
|
Batting: RHB Frederico Hernández
|
0-0: Ball 1-0: Called Strike 1-1: Ball 2-1: Foul Ball, location: 2F 2-2: DOUBLE (Line Drive, 8LXD) Raúl Canó to third
|
Batting: RHB Júlio Negrón
|
0-0: Ball 1-0: Ball 2-0: Called Strike 2-1: Called Strike 2-2: Ground out 5-3 (Groundball, 56) Raúl Canó scores
|
Batting: SHB Brian Price
|
0-0: Ball 1-0: Ball 2-0: Foul Ball, location: 2F 2-1: Fly out, F8 (Flyball, 78M)
|
Bottom of the 2nd over - 1 run(s), 2 hit(s), 0 error(s), 1 left on base; Boston 1 - Orlando 1 |
TOP OF THE 3RD |
Boston Rebels batting - Pitching for Orlando Calrissian : LHP Arturo Sánchez
|
Batting: RHB John Mendelson
|
0-0: Ball 1-0: Ground out 6-3 (Groundball, 6M)
|
Batting: LHB Miguel Rivería
|
0-0: Ball 1-0: Swinging Strike 1-1: Swinging Strike 1-2: Ball 2-2: Foul Ball, location: 2F 2-2: DOUBLE (Line Drive, 9LM)
|
Batting: LHB Bill Wilson
|
0-0: Called Strike 0-1: Called Strike 0-2: Ball 1-2: Fly out, F9 (Flyball, 89D)
|
Batting: LHB Arturo Molina
|
0-0: Fly out, F7 (Flyball, 7)
|
Top of the 3rd over - 0 run(s), 1 hit(s), 0 error(s), 1 left on base; Boston 1 - Orlando 1 |
BOTTOM OF THE 3RD |
Orlando Calrissian batting - Pitching for Boston Rebels : RHP Cris Rincón
|
Batting: RHB Gabriel Ángel
|
0-0: Foul Ball, location: 2F 0-1: Called Strike 0-2: Strikes out looking
|
Batting: RHB José Pérez
|
0-0: Swinging Strike 0-1: Ball 1-1: Ball 2-1: Called Strike 2-2: Strikes out swinging
|
Batting: LHB Santiago Márquez
|
0-0: Ball 1-0: Ball 2-0: Called Strike 2-1: Foul Ball, location: 2F 2-2: Ball 3-2: Strikes out swinging
|
Bottom of the 3rd over - 0 run(s), 0 hit(s), 0 error(s), 0 left on base; Boston 1 - Orlando 1 |
TOP OF THE 4TH |
Boston Rebels batting - Pitching for Orlando Calrissian : LHP Arturo Sánchez
|
Batting: LHB Frank Jackson
|
0-0: Called Strike 0-1: Ball 1-1: Ball 2-1: Ball 3-1: Called Strike 3-2: Foul Ball, location: 2F 3-2: Foul Ball, location: 2F 3-2: Ground out 5-3 (Groundball, 56)
|
Batting: LHB Felipe Guerrero
|
0-0: Ball 1-0: DOUBLE (Line Drive, 7)
|
Batting: RHB Aaron Washington
|
0-0: Ground out U3 (Groundball, 34) Felipe Guerrero to third
|
Batting: RHB Ángel Garza
|
0-0: Called Strike 0-1: Ball 1-1: Foul Ball, location: 2F 1-2: Ball 2-2: Ball 3-2: Ground out 5-3 (Groundball, 56)
|
Top of the 4th over - 0 run(s), 1 hit(s), 0 error(s), 1 left on base; Boston 1 - Orlando 1 |
BOTTOM OF THE 4TH |
Orlando Calrissian batting - Pitching for Boston Rebels : RHP Cris Rincón
|
Batting: RHB Rich Anderson
|
0-0: Ball 1-0: Ball 2-0: Ball 3-0: Called Strike 3-1: Ground out 6-3 (Groundball, 6)
|
Batting: RHB Raúl Canó
|
0-0: Foul Ball, location: 2F 0-1: Reached on error, E6 (Groundball, 6)
|
Batting: SHB Tim Abbott
|
0-0: Foul Ball, location: 2F 0-1: Fielders Choice at 2nd, 6-4 (Groundball, 6)
|
Batting: RHB Frederico Hernández
|
0-0: Foul Ball, location: 2F 0-1: Ball 1-1: Ball 2-1: Called Strike 2-2: Foul Ball, location: 2F 2-2: Ball 3-2: Fly out, F7 (Flyball, 7)
|
Bottom of the 4th over - 0 run(s), 0 hit(s), 1 error(s), 1 left on base; Boston 1 - Orlando 1 |
TOP OF THE 5TH |
Boston Rebels batting - Pitching for Orlando Calrissian : LHP Arturo Sánchez
|
Pitching: RHP Pete Booker
|
|
Batting: RHB Alberto Ramos
|
0-0: Ball 1-0: Fly out, F3 (Popup, 3L)
|
Batting: RHB John Mendelson
|
0-0: Called Strike 0-1: Swinging Strike 0-2: Foul Ball, location: 2F 0-2: Foul Ball, location: 2F 0-2: Strikes out swinging
|
Batting: LHB Miguel Rivería
|
0-0: Called Strike 0-1: Swinging Strike 0-2: Foul Ball, location: 2F 0-2: SINGLE (Line Drive, 4MD)
|
Batting: LHB Bill Wilson
|
0-0: DOUBLE (Flyball, 8RXD) Miguel Rivería to third
|
Batting: LHB Arturo Molina
|
0-0: Ball 1-0: Fly out, F7 (Flyball, 7LS)
|
Top of the 5th over - 0 run(s), 2 hit(s), 0 error(s), 2 left on base; Boston 1 - Orlando 1 |
BOTTOM OF THE 5TH |
Orlando Calrissian batting - Pitching for Boston Rebels : RHP Cris Rincón
|
Pitching: RHP Fernando Silva
|
|
Batting: RHB Júlio Negrón
|
0-0: Called Strike 0-1: Ball 1-1: Called Strike 1-2: Ground out 6-3 (Groundball, 6)
|
Batting: SHB Brian Price
|
0-0: Fly out, F8 (Flyball, 8LS)
|
Batting: RHB Gabriel Ángel
|
0-0: Called Strike 0-1: Ball 1-1: Fly out, F3 (Popup, 3)
|
Bottom of the 5th over - 0 run(s), 0 hit(s), 0 error(s), 0 left on base; Boston 1 - Orlando 1 |
TOP OF THE 6TH |
Boston Rebels batting - Pitching for Orlando Calrissian : RHP Pete Booker
|
Batting: LHB Frank Jackson
|
0-0: Called Strike 0-1: Ball 1-1: Ball 2-1: Fly out, F8 (Flyball, 8RM)
|
Batting: LHB Felipe Guerrero
|
0-0: Called Strike 0-1: Ball 1-1: SOLO HOME RUN (Flyball, 9D), Distance : 401 ft
|
Batting: RHB Aaron Washington
|
0-0: Called Strike 0-1: Ball 1-1: Called Strike 1-2: Strikes out swinging
|
Batting: RHB Ángel Garza
|
0-0: Ball 1-0: Ball 2-0: Called Strike 2-1: Ball 3-1: Fly out, F8 (Flyball, 89XD)
|
Top of the 6th over - 1 run(s), 1 hit(s), 0 error(s), 0 left on base; Boston 2 - Orlando 1 |
BOTTOM OF THE 6TH |
Orlando Calrissian batting - Pitching for Boston Rebels : RHP Fernando Silva
|
Batting: RHB José Pérez
|
0-0: Hit by Pitch
|
Batting: LHB Santiago Márquez
|
0-0: Ball 1-0: Called Strike 1-1: Ball José Pérez steals 2nd base 2-1: Ball 3-1: Base on Balls
|
Batting: RHB Rich Anderson
|
0-0: Called Strike José Pérez is caught stealing 3rd base Santiago Márquez to second 0-1: Ball 1-1: Foul Ball, location: 2F 1-2: Ball 2-2: Foul Ball, location: 2F 2-2: Foul Ball, location: 2F 2-2: Ball 3-2: SINGLE (Line Drive, 4) (infield hit) Santiago Márquez to third
|
Batting: RHB Raúl Canó
|
0-0: Ball 1-0: Called Strike 1-1: Foul Ball, location: 2F 1-2: Ball 2-2: Fly out, F3 (Line Drive, 3) Lined into DP, U3 (Line Drive, 3)
|
Bottom of the 6th over - 0 run(s), 1 hit(s), 0 error(s), 1 left on base; Boston 2 - Orlando 1 |
TOP OF THE 7TH |
Boston Rebels batting - Pitching for Orlando Calrissian : RHP Pete Booker
|
Pitching: RHP Aaron Abrams
|
|
Pinch Hitting: LHB Lorenzo Flores
|
0-0: Called Strike 0-1: Called Strike 0-2: Ball 1-2: Ball 2-2: Foul Ball, location: 2F 2-2: Ball 3-2: Base on Balls
|
Pitching: LHP Keith Jennings
|
|
Batting: RHB John Mendelson
|
0-0: Called Strike 0-1: Fielders Choice at 2nd, 6-4 (Groundball, 6)
|
Batting: LHB Miguel Rivería
|
0-0: Ball 1-0: Ball 2-0: Fly out, F9 (Flyball, 9LS)
|
Pinch Hitting: RHB Pedro Rodríguez
|
0-0: Ball 1-0: Ball 2-0: Ball 3-0: Base on Balls John Mendelson to second
|
Batting: LHB Arturo Molina
|
0-0: Ball 1-0: Ball 2-0: Called Strike 2-1: Foul Ball, location: 2F 2-2: Foul Ball, location: 2F 2-2: Ball 3-2: Base on Balls John Mendelson to third Pedro Rodríguez to second
|
Pinch Hitting: RHB Roberto Chávez
|
0-0: Ball 1-0: SINGLE (Line Drive, 8LS) John Mendelson scores Pedro Rodríguez to third Arturo Molina to second Runner from 3rd tries for Home, SAFE, throw made home Arturo Molina to third Roberto Chávez to second
|
Pitching: RHP Lorenzo Hernández
|
|
Batting: RHB Ken McDonald
|
0-0: Called Strike 0-1: Ball 1-1: Ball 2-1: Foul Ball, location: 2F 2-2: Fly out, F7 (Flyball, 7S)
|
Top of the 7th over - 2 run(s), 1 hit(s), 0 error(s), 2 left on base; Boston 4 - Orlando 1 |
BOTTOM OF THE 7TH |
Orlando Calrissian batting - Pitching for Boston Rebels : RHP Fernando Silva
|
Now at 1B: Pedro Rodríguez
|
|
Now at 2B: Roberto Chávez
|
|
Now in LF: Lorenzo Flores
|
|
Batting: SHB Tim Abbott
|
0-0: Called Strike 0-1: Ball 1-1: Ball 2-1: Fly out, F7 (Flyball, 7D)
|
Batting: RHB Frederico Hernández
|
0-0: Called Strike 0-1: Called Strike 0-2: Ball 1-2: Ball 2-2: Foul Ball, location: 2F 2-2: Foul Ball, location: 2F 2-2: Ball 3-2: Foul Ball, location: 2F 3-2: Ground out 5-3 (Groundball, 56)
|
Batting: RHB Júlio Negrón
|
0-0: Ball 1-0: Ball 2-0: Ball 3-0: Swinging Strike 3-1: Swinging Strike 3-2: Strikes out looking
|
Bottom of the 7th over - 0 run(s), 0 hit(s), 0 error(s), 0 left on base; Boston 4 - Orlando 1 |
TOP OF THE 8TH |
Boston Rebels batting - Pitching for Orlando Calrissian : RHP Lorenzo Hernández
|
Batting: RHB Aaron Washington
|
0-0: Ball 1-0: Fly out, F8 (Line Drive, 89M)
|
Batting: RHB Ángel Garza
|
0-0: Called Strike 0-1: Called Strike 0-2: Fly out, F7 (Flyball, 7S)
|
Batting: LHB Lorenzo Flores
|
0-0: Called Strike 0-1: Foul Ball, location: 2F 0-2: Ball 1-2: SOLO HOME RUN (Flyball, 89XD), Distance : 434 ft
|
Batting: RHB John Mendelson
|
0-0: Called Strike 0-1: Ball 1-1: SINGLE (Groundball, 6MD)
|
Batting: LHB Miguel Rivería
|
0-0: Ball 1-0: Ball 2-0: Called Strike 2-1: 2-RUN HOME RUN (Flyball, 9D), Distance : 383 ft
|
Pitching: LHP Kurt Brown
|
|
Batting: RHB Pedro Rodríguez
|
0-0: Called Strike 0-1: Ball 1-1: Ball 2-1: Fly out, F9 (Flyball, 9S)
|
Top of the 8th over - 3 run(s), 3 hit(s), 0 error(s), 0 left on base; Boston 7 - Orlando 1 |
BOTTOM OF THE 8TH |
Orlando Calrissian batting - Pitching for Boston Rebels : RHP Fernando Silva
|
Batting: SHB Brian Price
|
0-0: Ball 1-0: Called Strike 1-1: Called Strike 1-2: Ball 2-2: Foul Ball, location: 2F 2-2: Strikes out looking
|
Pitching: RHP Manuel Jimenen
|
|
Batting: RHB Gabriel Ángel
|
0-0: Ball 1-0: Called Strike 1-1: SOLO HOME RUN (Flyball, 7D), Distance : 393 ft
|
Pinch Hitting: SHB Cristo Ontiveros
|
0-0: Foul Ball, location: 2F 0-1: Ball 1-1: Ground out 6-3 (Groundball, 6MS)
|
Batting: LHB Juan Colón
|
0-0: Ball 1-0: Called Strike 1-1: Foul Ball, location: 2F 1-2: Foul Ball, location: 2F 1-2: Ball 2-2: Ball 3-2: Foul Ball, location: 2F 3-2: Base on Balls
|
Batting: RHB Rich Anderson
|
0-0: Ball 1-0: Foul Ball, location: 2F 1-1: Called Strike 1-2: Foul Ball, location: 2F 1-2: Ball 2-2: Ball 3-2: 2-RUN HOME RUN (Line Drive, 7D), Distance : 446 ft
|
Pitching: RHP Alfredo Ruíz
|
|
Pinch Hitting: LHB Danny Allen
|
0-0: Ball 1-0: Ball 2-0: Ball 3-0: Base on Balls
|
Pinch Hitting: LHB Juan Jose Pineda
|
0-0: SINGLE (Groundball, 4MD) Danny Allen to second
|
Pinch Hitting: LHB Craig Kenney
|
0-0: Ball 1-0: Ball 2-0: Ball 3-0: Called Strike 3-1: SINGLE (Groundball, 34D) Danny Allen to third Juan Jose Pineda to second Runner from 3rd tries for Home, SAFE, no throw
|
Pinch Hitting: RHB Chet Decker
|
0-0: Fly out, F7 (Flyball, 78M)
|
Bottom of the 8th over - 4 run(s), 4 hit(s), 0 error(s), 2 left on base; Boston 7 - Orlando 5 |
BOTTOM OF THE 9TH |
Orlando Calrissian batting - Pitching for Boston Rebels : RHP Alfredo Ruíz
|
Pitching: RHP Tony Rocha
|
|
Now at C: Sixto Cortés
|
|
Pinch Hitting: SHB Jaime Montés
|
0-0: Called Strike 0-1: Foul Ball, location: 2F 0-2: Ball 1-2: Foul Ball, location: 2F 1-2: Ball 2-2: Strikes out swinging
|
Pinch Hitting: RHB John Moore
|
0-0: Swinging Strike 0-1: Foul Ball, location: 2F 0-2: Strikes out swinging
|
Batting: RHB Sean White
|
0-0: Ball 1-0: Called Strike 1-1: Swinging Strike 1-2: Ground out 5-3 (Groundball, 2L)
|
Bottom of the 9th over - 0 run(s), 0 hit(s), 0 error(s), 0 left on base; Boston 7 - Orlando 5 |
|